 Dungeon Crawl Stone Soup version 0.30-a0-322-g102857c98e (webtiles) character file.

Game seed: 11141378056160253635

3728 hikkokomori the Summoner (level 9, -6/60 (71) HPs)
             Began as a Demigod Summoner on Oct 28, 2022.
             Shot with an arrow by something (21 damage)
             ... on level 7 of the Dungeon.
             The game lasted 00:29:00 (7054 turns).

hikkokomori the Summoner (Demigod Summoner)         Turns: 7054, Time: 00:29:01

HP:   -6/60 (71)    AC:  6    Str: 13    XL:     9   Next: 61%
MP:   11/20         EV: 16    Int: 25    God:
Gold: 483           SH:  0    Dex: 20    Spells: 5/18 levels left

rFire   . . .      SeeInvis .    E - staff of earth
rCold   . . .      Faith    .    (no shield)
rNeg    . . .      Spirit   .    a - +0 robe
rPois   .          Reflect  .    d - +2 helmet
rElec   .          Harm     .    f - +0 cloak
rCorr   .          Rampage  .    (no gloves)
Will    .....                    (no boots)
Stlth   ++........               (no amulet)
HPRegen 0.30/turn                e - +6 ring of dexterity
MPRegen 0.17/turn                o - +4 ring of evasion

@: heavily drained
A: high MP 1, forlorn, divine attributes
a: no special abilities


You were on level 7 of the Dungeon.
You visited 1 branch of the dungeon, and saw 7 of its levels.
You also visited: Sewer.

You collected 483 gold pieces.

Inventory:

Hand Weapons
 c - a +0 club
 m - a +0 mace
 n - a +0 short sword
 B - a +3 antimagic battleaxe
Missiles
 g - a curare-tipped dart
 u - 2 silver boomerangs
Armour
 a - a +0 robe (worn)
 d - a +2 helmet (worn)
 f - a +0 cloak (worn)
 h - a +0 buckler
 v - the +5 ice dragon scales of Muttered Phrases {rF- rC++ rN+}
   (You found it on level 4 of the Dungeon)

   rF:        It makes you vulnerable to fire.
   rC:        It greatly protects you from cold.
   rN:        It protects you from negative energy.
 y - a +0 cloak
Magical Staves
 E - a staff of earth (weapon)
Jewellery
 e - a +6 ring of dexterity (left hand)
 o - a +4 ring of evasion (right hand)
 z - a +6 ring of intelligence
Wands
 s - a wand of roots (10)
 C - a wand of flame (8)
Scrolls
 q - 5 scrolls of enchant weapon
 r - a scroll of noise
 t - a scroll of teleportation
 x - 2 scrolls of poison {unknown}
 A - a scroll of amnesia {unknown}
Potions
 b - a potion of cancellation {unknown}
 i - 3 potions of haste {unknown}
 j - 3 potions of brilliance
 k - 3 potions of heal wounds
 l - a potion of lignification
 p - 3 potions of curing
 w - 2 potions of might {unknown}
 D - a potion of flight {unknown}


   Skills:
 + Level 4.2 Fighting
 - Level 1.7 Dodging
 - Level 1.7 Stealth
 - Level 3.2 Shields
 - Level 5.0 Spellcasting
 + Level 8.8 Summonings
 + Level 3.2 Fire Magic
 + Level 5.8 Air Magic


You had 5 spell levels left.
You knew the following spells:

 Your Spells              Type           Power      Damage    Failure   Level
a - Summon Small Mammal   Summ           100%       N/A       1%          1
b - Call Canine Familiar  Summ           50%        N/A       1%          3
c - Summon Guardian Gole  Hex/Summ       28%        N/A       4%          3
d - Summon Lightning Spi  Summ/Air       42%        N/A       4%          4
e - Scorch                Fire           44%        2d7       3%          2

Your spell library contained the following spells:

 Spells                   Type           Power      Damage    Failure   Level
 Call Imp                 Summ           50%        N/A       1%          2
 Shock                    Conj/Air       80%        1d8       2%          1
 Flame Wave               Conj/Fire      14%        2d6       38%         4
 Summon Cactus Giant      Summ           25%        N/A       32%         6


Dungeon Overview and Level Annotations

Branches:
Dungeon (7/15)             Temple (0/1) D:4           Sewer (visited)

Shops:
D:1 :


Innate Abilities, Weirdness & Mutations

You have an increased reservoir of magic. (+10% MP)
You shall have no god before yourself.
Your divine heritage dramatically boosts your attributes as you level up.


Message History

Confirm with . or Enter, or press ? or * to list all spells.
You hear a twanging sound.
An arrow appears from out of thin air!
The arrow closely misses your wolf. The arrow closely misses you.
Unknown command.
Your wolf bites something!
You hear a twanging sound.
An arrow appears from out of thin air!
The arrow hits your wolf!! Something drains your wolf.
Your wolf dies!
Your wolf's corpse disappears in a puff of smoke!
Casting: Call Canine Familiar (safe; 1% risk of failure)
Confirm with . or Enter, or press ? or * to list all spells.
You hear a twanging sound.
An arrow appears from out of thin air!
The arrow hits you!
You feel drained.
You hear a twanging sound.
An arrow appears from out of thin air!
The arrow misses your wolf. The arrow hits you.
You feel drained.
Your wolf closely misses something.
Your wolf closely misses something.
You hear a twanging sound.
An arrow appears from out of thin air!
The arrow hits your wolf!!
Your wolf dies!
Your wolf's corpse disappears in a puff of smoke!
Casting: Call Canine Familiar (safe; 1% risk of failure)
Confirm with . or Enter, or press ? or * to list all spells.
You hear a twanging sound.
An arrow appears from out of thin air!
The arrow hits you!
You feel drained.
* * * LOW HITPOINT WARNING * * *
You swap places.
You hear a twanging sound.
An arrow appears from out of thin air!
The arrow hits your wolf!!
Okay, then.
Okay, then.
Okay, then.
Casting: Call Canine Familiar (safe; 1% risk of failure)
Confirm with . or Enter, or press ? or * to list all spells.
You hear a twanging sound.
An arrow appears from out of thin air!
The arrow closely misses your wolf. The arrow hits you!!
You die...

.### #.# #####.#.
...# #.# #.#. #.. #.#
#.#. ####..
#<#########.#. ...
..#.# #.............
#=# #..#
#.####.####### .O.
#.# #).....# #u#
#{########.###### ...
##..h..@.r..#
###J#####..#.########
#.....##..##.#
.###O###......#
..$$รท......####
#...######## #..# ..#
##


You could see a friendly wolf (summoned) and a friendly quokka (summoned).

Vanquished Creatures
  A black bear (D:6)
  An ogre (D:4)
  A kobold brigand (Sewer)
  A bullfrog (D:7)
  3 hounds
  An orc priest (D:6)
  5 orc wizards
  5 adders
  2 river rats (Sewer)
  4 worms
  A dart slug (D:1)
  12 orcs
  5 ball pythons
  5 bats
  3 endoplasms
  6 goblins
  2 hobgoblins
  2 quokkas
  4 frilled lizards
  9 kobolds
  5 rats
78 creatures vanquished.

Vanquished Creatures (collateral kills)
  Grinder (D:6)
  An orc warrior (D:6)
  2 ice beasts
  2 black bears (D:5)
  A phantom (D:6)
  2 kobold brigands (Sewer)
  Blork the orc (D:6)
  A scorpion (D:5)
  A jelly (D:5)
  3 orc priests
  3 iguanas
  6 orc wizards
  3 adders
  2 river rats
  4 worms
  7 orcs
  3 endoplasms
  2 giant cockroaches (D:3)
  A hobgoblin (D:4)
  2 jackals (D:2)
  6 kobolds
  2 quokkas (D:1)
  5 ball pythons
  A frilled lizard (D:2)
  2 rats
64 creatures vanquished.

Vanquished Creatures (others)
  A two-headed ogre (D:7)
  An ugly thing (D:7)
  A slime creature (D:7)
  A vampire (D:7)
  A vampire mosquito (D:7)
  A black bear (D:4)
  A centaur (D:5)
  4 bushes (D:5)
11 creatures vanquished.

Grand Total: 153 creatures vanquished

Notes
Turn   | Place    | Note
-------+----------+-------------------------------------------
     0 | D:1      | hikkokomori the Demigod Summoner began the quest for the
                  | Orb.
     0 | D:1      | Reached XP level 1. HP: 14/14 MP: 5/5
    11 | D:1      | Found Siss's Vocational Training.
   225 | D:1      | Reached skill level 4 in Summonings
   225 | D:1      | Reached XP level 2. HP: 12/20 MP: 4/7
   856 | D:2      | Reached XP level 3. HP: 21/26 MP: 5/9
   869 | D:2      | Learned a level 3 spell: Call Canine Familiar
  1454 | D:2      | You fall into a shaft and drop 2 floors!
  1456 | D:4      | Noticed an ogre
  1501 | D:3      | Reached XP level 4. HP: 33/33 MP: 6/10
  1538 | D:3      | Found a glowing drain.
  1563 | Sewer    | Entered a sewer
  1576 | Sewer    | Noticed a kobold brigand
  1618 | Sewer    | Killed a kobold brigand
  1619 | Sewer    | Reached skill level 5 in Summonings
  1619 | Sewer    | Reached XP level 5. HP: 38/38 MP: 6/12
  2135 | Sewer    | Reached skill level 6 in Summonings
  2135 | Sewer    | Reached XP level 6. HP: 16/45 MP: 2/14
  2139 | Sewer    | Learned a level 3 spell: Summon Guardian Golem
  2144 | Sewer    | Learned a level 4 spell: Summon Lightning Spire
  3594 | D:4      | Found a staircase to the Ecumenical Temple.
  3628 | D:4      | Reached skill level 1 in Air Magic
  4020 | D:4      | Identified the +5 ice dragon scales of Muttered Phrases
                  | {rF- rC++ rN+}
  4252 | D:4      | Reached XP level 7. HP: 50/50 MP: 10/16
  4256 | D:4      | Learned a level 2 spell: Scorch
  4388 | D:5      | Entered Level 5 of the Dungeon
  4540 | D:5      | Reached skill level 1 in Shields
  4997 | D:5      | Reached skill level 7 in Summonings
  5202 | D:5      | Reached XP level 8. HP: 57/57 MP: 10/18
  5796 | D:6      | Reached skill level 5 in Spellcasting
  5988 | D:6      | Noticed Grinder
  5998 | D:6      | Noticed Blork the orc
  6008 | D:6      | Killed Grinder
  6009 | D:6      | Reached skill level 1 in Fighting
  6011 | D:6      | Killed Blork the orc
  6393 | D:6      | Reached skill level 8 in Summonings
  6576 | D:6      | Got Vehumet's Octavo of Conjuration
  6737 | D:7      | Noticed a slime creature
  6738 | D:7      | Noticed a brown ugly thing
  6738 | D:7      | Noticed a two-headed ogre
  6746 | D:7      | Reached skill level 1 in Fire Magic
  6746 | D:7      | Reached XP level 9. HP: 50/68 MP: 3/20
  6751 | D:7      | Killed a brown ugly thing
  6752 | D:7      | Reached skill level 5 in Air Magic
  6989 | D:7      | Killed a two-headed ogre
  7030 | D:7      | Identified the +9 shortbow of Lihyuwn {drain, Fly MP-9
                  | Int-5 Dex+6}
  7054 | D:7      | Shot with an arrow by something

Illustrated notes

Levels and vault maps discovered:
D:1:      saegor_arrival_simple_b, layout_rooms, nicolae_shop_vocational
D:2:      mumra_celtic_spiral_tile, layout_basic
D:3:      layout_basic, shapermc_ecumenical_altar_ellora, portal_sewer_entry_e
D:4:      layout_loops_corners, minmay_temple_entry_large_hall
D:5:      layout_loops_ring, fedhas_bush_and_centaur_altar,
          mainiacjoe_overflow_catwalk
D:6:      layout_rooms, palyth_temple_overflow_mages,
          nicolae_gozag_cash_rules_everything_around_me, uniq_blork_the_orc,
          uniq_grinder
D:7:      minmay_the_grid_octo_tiled_octocenter [minmay_the_grid_octo_77,
          minmay_the_grid_octo_teeth, minmay_the_grid_octo_tetromino_candy,
          minmay_the_grid_octo_empty,
          minmay_the_grid_octo_prize_ultimate_mussel_roller,
          minmay_the_grid_square_5x5_inner_z,
          minmay_the_grid_square_5x5_one_wall,
          minmay_the_grid_square_5x5_dogpile, minmay_the_grid_square_5x5_three],
          layout_loops_ring, nicolae_overflow_hallway_of_the_gods, serial_shops,
          shop, grunt_tough_drop

Skill      XL: |  1  2  3  4  5  6  7  8  9 |
---------------+----------------------------+-----
Spellcasting   | 2 3 4 5 |  5.0
Summonings     | 4 5 6 7 8 |  8.8
Air Magic      | 1 3 4 5 |  5.8
Shields        | 2 3 |  3.2
Fighting       | 2 4 |  4.2
Fire Magic     | 1 3 |  3.2
Dodging        | |  1.7
Stealth        | |  1.7

Action                   |  1- 3 |  4- 6 |  7- 9 || total
-------------------------+-------+-------+-------++-------
Melee: Club              |    71 |       |       ||    71
       Unarmed           |    15 |       |       ||    15
       Punch             |     2 |       |       ||     2
       Mace              |    21 |       |       ||    21
       Short sword       |    17 |   175 |   117 ||   309
       Battleaxe         |       |       |    48 ||    48
Throw: Dart              |       |     3 |       ||     3
 Cast: Summon Small Mamm |    19 |    34 |     2 ||    55
       Call Canine Famil |     3 |    16 |    11 ||    30
       Summon Guardian G |       |     5 |     9 ||    14
       Summon Lightning  |       |       |    18 ||    18
       Scorch            |       |       |     3 ||     3
Evoke: Wand              |       |       |     1 ||     1
  Use: Scroll            |     3 |       |     4 ||     7
       Potion            |       |     1 |     2 ||     3
 Stab: Sleeping          |     3 |     3 |     3 ||     9
       Distracted        |     1 |       |     2 ||     3
Armor: Robe              |    46 |    25 |    45 ||   116
Dodge: Dodged            |    90 |   116 |   151 ||   357
Block: Buckler           |       |     2 |    27 ||    29

Table legend: (Time is in decaauts)
 A = Elapsed time spent in this place.
 B = Non-inter-level travel time spent in this place.
 C = Inter-level travel time spent in this place.
 D = Time resting spent in this place.
 E = Time spent auto-exploring this place.
 F = Levels seen in this place.
 G = Mean time per level.
                   A        B        C        D        E       F      G
               +--------+--------+--------+--------+--------+-----+--------+
         Total |   7216 |   7119 |     97 |    491 |   4437 |   8 |  902.0 |
       Dungeon |   6380 |   6283 |     97 |    491 |   4129 |   7 |  911.4 |
         Sewer |    835 |    835 |      0 |      0 |    308 |   1 |  835.0 |
               +--------+--------+--------+--------+--------+-----+--------+

Top non-repeatable levels by time:
     D:5: 1343 daAuts
     D:4: 1268 daAuts
     D:6: 958 daAuts
     D:2: 946 daAuts
     D:3: 928 daAuts
   Sewer: 835 daAuts
     D:1: 534 daAuts
     D:7: 400 daAuts
